 Dungeon Crawl Stone Soup version 0.30-a0-1161-g0704695555 (webtiles) character file.

Game seed: 8902178354733800819

102 retardedninja the Firebug (level 4, -2/32 HPs)
             Began as a Gnoll Fire Elementalist on Apr 27, 2023.
             Constricted to death by Ijyb (7 damage)
             ... on level 3 of the Dungeon.
             The game lasted 00:02:42 (2860 turns).

retardedninja the Firebug (Gnoll Fire Elementalist) Turns: 2860, Time: 00:02:43

Health: -2/32      AC:  2    Str:  7    XL:     4   Next: 78%
Magic:  5/11       EV: 11    Int: 17    God:
Gold:   234        SH:  0    Dex: 18    Spells: 10/13 levels left

rFire   . . .        k - +0 spear
rCold   . . .        (no shield)
rNeg    . . .        a - +0 robe
rPois   .            (no helmet)
rElec   .            (no cloak)
rCorr   .            (no gloves)
SInv    .            (no boots)
Will    .....        (no amulet)
Stlth   +++          c - +6 ring of dexterity
HPRegen 0.25/turn    (no ring)
MPRegen 0.12/turn

%: no passive effects
@: grasped by roots, constricted
A: fangs 1, strong nose, distributed training
a: no special abilities


You were on level 3 of the Dungeon.
You visited 1 branch of the dungeon, and saw 3 of its levels.

You collected 234 gold pieces.

Inventory:

Hand Weapons
 k - a +0 spear (weapon)
Armour
 a - a +0 robe (worn)
 p - a +0 pair of gloves
Jewellery
 c - a +6 ring of dexterity (left hand)
Wands
 n - a wand of acid (4)
Scrolls
 e - a scroll of enchant weapon {unknown}
 f - a scroll of butterflies {unknown}
 g - 2 scrolls of identify {unknown}
 h - 2 scrolls of magic mapping {unknown}
 i - 2 scrolls of amnesia {unknown}
 l - 2 scrolls of teleportation {unknown}
 m - a scroll of enchant armour {unknown}
Potions
 b - 2 potions of magic
 d - 2 potions of heal wounds {unknown}
 j - a potion of lignification {unknown}
 o - a potion of berserk rage {unknown}


   Skills:
 + Level 1.3 Fighting
 + Level 1.3 Short Blades
 + Level 1.3 Long Blades
 + Level 1.3 Axes
 + Level 1.3 Maces & Flails
 + Level 1.3 Polearms
 + Level 1.3 Staves
 + Level 1.3 Ranged Weapons
 + Level 1.3 Throwing
 + Level 1.3 Armour
 + Level 4.7 Dodging
 + Level 4.3 Stealth
 + Level 1.3 Shields
 + Level 1.3 Unarmed Combat
 + Level 5.1 Spellcasting
 + Level 2.3 Conjurations
 + Level 1.0 Hexes
 + Level 1.0 Summonings
 + Level 1.0 Necromancy
 + Level 1.0 Translocations
 + Level 1.0 Transmutations
 + Level 5.5 Fire Magic
 + Level 1.0 Ice Magic
 + Level 1.0 Air Magic
 + Level 1.0 Earth Magic
 + Level 1.0 Poison Magic
 + Level 1.4 Invocations
 + Level 1.3 Evocations


You had 10 spell levels left.
You knew the following spells:

 Your Spells              Type           Power      Damage    Failure   Level
a - Foxfire               Conj/Fire      68%        2x1d7     2%          1
b - Scorch                Fire           46%        2d6       2%          2

Your spell library contained the following spells:

 Spells                   Type           Power      Damage    Failure   Level
 Inner Flame              Hex/Fire       15%        N/A       11%         3
 Volatile Blastmotes      Fire/Tloc      30%        2d12      11%         3
 Cigotuvi's Dreadful Rot  Necr/Pois/Air  16%        N/A       14%         2
 Ignite Poison            Fire/Tmut/Pois 13%        N/A       14%         3
 Flame Wave               Conj/Fire      17%        2d7       28%         4
 Freezing Cloud           Conj/Ice/Air   4%         6-21      91%         5


Dungeon Overview and Level Annotations

Branches:
Dungeon (3/15)

Altars:

Annotations:
D:3 2 transporters, Ijyb; mnelsen79's ghost, amateur TrGl


Innate Abilities, Weirdness & Mutations

You have very sharp teeth.
Your uncanny sense of smell can sniff out nearby items.
Your experience applies equally to all skills.


Message History

Your foxfire is unaffected.
Ijyb is unaffected.
The grasping roots constrict you.
The foxfire hits Ijyb.
Ijyb is moderately wounded.
The foxfire hits Ijyb but does no damage.
Ijyb is moderately wounded.
The grasping roots constrict you.
Unknown command.
You conjure some foxfire!
The bat barely misses you. The bat hits you but does no damage.
Ijyb hits you with a +0 dagger. The grasping roots constrict you.
The grasping roots release their grip on you.
The bat hits you but does no damage. Ijyb completely misses you.
Unknown command.
You are too injured to fight recklessly!
Ijyb zaps a wand.
The roots erupt in riotous growth!
The grasping roots grab you!
The bat is unaffected.
Your foxfire is unaffected.
Ijyb is unaffected.
The grasping roots constrict you. The bat closely misses you.
Unknown command.
Unknown command.
Unknown command.
Unknown command.
Casting: Foxfire (safe; 2% risk of failure)
Confirm with . or Enter, or press ? or * to list all spells.
Flames lash Ijyb.
Ijyb is heavily wounded.
Ijyb's fire resistance burns away.
The bat hits you. Ijyb hits you with a +0 dagger.
The grasping roots constrict you!
* * * LOW HITPOINT WARNING * * *
Casting: Scorch (safe; 2% risk of failure)
Confirm with . or Enter, or press ? or * to list all spells.
Flames lash the bat.
You kill the bat!
Ijyb hits you with a +0 dagger.
* * * LOW HITPOINT WARNING * * *
The grasping roots constrict you!
You die...

#####.#..########
..................
.~~
#####.#..#######..
#≈. #
..........###
#.#.~. .~
......#.....#
#.#≈. .≈.
......#...#.# #.#.
.~~♣ .......#..#.#
#..#~..~.
..)....##...#
#.g.....# .......#
...####@# .......#
......#v# .......#
###...#.# .......#
#)..#.# .......#
#...#.#
.......######..#.#
....##...[......>#
....##..)).....###
....##.........#


You could see Ijyb (combustible, ally target).

Vanquished Creatures
  Jessica (D:3)
  An adder (D:3)
  2 worms (D:3)
  An orc (D:3)
  7 bats
  4 endoplasms
  2 giant cockroaches
  13 hobgoblins
  7 kobolds
  3 quokkas
  7 ball pythons
  A frilled lizard (D:1)
  4 goblins
  4 rats
57 creatures vanquished.

Vanquished Creatures (others)
  213 foxfires
  6 fungi (D:2)
  3 toadstools (D:2)
222 creatures vanquished.

Grand Total: 279 creatures vanquished

Notes
Turn   | Place    | Note
-------+----------+-------------------------------------------
     0 | D:1      | retardedninja the Gnoll Fire Elementalist began the quest
                  | for the Orb.
     0 | D:1      | Reached XP level 1. HP: 13/13 MP: 6/6
   252 | D:1      | Reached XP level 2. HP: 19/19 MP: 4/7
   540 | D:1      | Learned a level 2 spell: Scorch
   872 | D:1      | Reached skill level 5 in Spellcasting
   872 | D:1      | Reached XP level 3. HP: 25/25 MP: 2/9
  1918 | D:3      | Reached skill level 1 in Invocations
  1970 | D:3      | Noticed Jessica
  1978 | D:3      | Killed Jessica
  1979 | D:3      | Reached skill level 1 in Fighting
  1979 | D:3      | Reached skill level 1 in Short Blades
  1979 | D:3      | Reached skill level 1 in Long Blades
  1979 | D:3      | Reached skill level 1 in Axes
  1979 | D:3      | Reached skill level 1 in Maces & Flails
  1979 | D:3      | Reached skill level 1 in Polearms
  1979 | D:3      | Reached skill level 1 in Staves
  1979 | D:3      | Reached skill level 1 in Ranged Weapons
  1979 | D:3      | Reached skill level 1 in Throwing
  1979 | D:3      | Reached skill level 1 in Armour
  1979 | D:3      | Reached skill level 1 in Shields
  1979 | D:3      | Reached skill level 1 in Unarmed Combat
  1979 | D:3      | Reached skill level 1 in Evocations
  1979 | D:3      | Reached XP level 4. HP: 32/32 MP: 6/11
  2214 | D:3      | Reached skill level 1 in Hexes
  2214 | D:3      | Reached skill level 1 in Summonings
  2214 | D:3      | Reached skill level 1 in Necromancy
  2214 | D:3      | Reached skill level 1 in Translocations
  2214 | D:3      | Reached skill level 1 in Transmutations
  2214 | D:3      | Reached skill level 1 in Ice Magic
  2214 | D:3      | Reached skill level 1 in Air Magic
  2214 | D:3      | Reached skill level 1 in Earth Magic
  2214 | D:3      | Reached skill level 1 in Poison Magic
  2505 | D:3      | Found a transporter.
  2506 | D:3      | Noticed mnelsen79's ghost (amateur TrGl)
  2508 | D:3      | Noticed an ogre
  2510 | D:3      | Noticed an ogre
  2512 | D:3      | Found a transporter.
  2850 | D:3      | Noticed Ijyb
  2860 | D:3      | Constricted to death by Ijyb

Illustrated notes

Levels and vault maps discovered:
D:1:      psy_arrival_basics, layout_rooms
D:2:      layout_loops_ring, minmay_gold_behind_fungi
D:3:      layout_basic, gammafunk_ghost_smash, gup_sewer_entry_bowl,
          chequers_serial_rivers_marsh, minmay_vboxes, uniq_ijyb, uniq_jessica

Skill      XL: |  1  2  3  4 |
---------------+-------------+-----
Conjurations   | 2 |  2.3
Spellcasting   | 5 |  5.1
Invocations    | 1 |  1.4
Fighting       | 1 |  1.3
Short Blades   | 1 |  1.3
Long Blades    | 1 |  1.3
Axes           | 1 |  1.3
Maces & Flails | 1 |  1.3
Polearms       | 1 |  1.3
Staves         | 1 |  1.3
Ranged Weapons | 1 |  1.3
Throwing       | 1 |  1.3
Armour         | 1 |  1.3
Shields        | 1 |  1.3
Unarmed Combat | 1 |  1.3
Evocations     | 1 |  1.3
Hexes          | 1 |  1.0
Summonings     | 1 |  1.0
Necromancy     | 1 |  1.0
Translocations | 1 |  1.0
Transmutations | 1 |  1.0
Ice Magic      | 1 |  1.0
Air Magic      | 1 |  1.0
Earth Magic    | 1 |  1.0
Poison Magic   | 1 |  1.0
Dodging        | |  4.7
Stealth        | |  4.3
Fire Magic     | |  5.5

Action                     |  1- 3 |  4- 6 || total
---------------------------+-------+-------++-------
  Melee: Spear             |    16 |     4 ||    20
         Bite              |     2 |       ||     2
   Cast: Foxfire           |    84 |    45 ||   129
         Scorch            |       |     7 ||     7
 Armour: Robe              |       |     9 ||     9
  Dodge: Dodged            |     6 |    32 ||    38

Table legend: (Time is in decaauts)
 A = Elapsed time spent in this place.
 B = Non-inter-level travel time spent in this place.
 C = Inter-level travel time spent in this place.
 D = Time resting spent in this place.
 E = Time spent auto-exploring this place.
 F = Levels seen in this place.
 G = Mean time per level.
                   A        B        C        D        E       F      G
               +--------+--------+--------+--------+--------+-----+--------+
         Total |   2866 |   2848 |     18 |      0 |   2394 |   3 |  955.3 |
       Dungeon |   2866 |   2848 |     18 |      0 |   2394 |   3 |  955.3 |
               +--------+--------+--------+--------+--------+-----+--------+

Top non-repeatable levels by time:
     D:1: 1182 daAuts
     D:3: 952 daAuts
     D:2: 732 daAuts
